 Dungeon Sprint DCSS version 0.28.0-43-g3370ac3207 (webtiles) character file.

Game seed: 903334212355687920

3154 boopmooplesden the Severer (level 9, -4/150 HPs)
             Began as a Minotaur Berserker on Mar 10, 2022.
             Was a High Priest of Trog.
             Slain by a deep troll (11 damage)
             ... in the Dungeon (Sprint II: "The Violet Keep of Menkaure").
             The game lasted 00:03:37 (1571 turns).

boopmooplesden the Severer (Minotaur Berserker)     Turns: 1571, Time: 00:03:38

Health: -4/150     AC:  6    Str: 26    XL:     9   Next: 62%
Magic:  8/8        EV: 13    Int:  4    God:    Trog [*****.]
Gold:   782        SH:  0    Dex: 17    Spells: 8/8 levels left

rFire   . . .      SeeInvis .   e - +7 triple sword "Earthworm" {vorpal, Fragile rC+ Will+ Dex+7}
rCold   + . .      Faith    .   (shield currently unavailable)
rNeg    . . .      Spirit   .   s - +0 chain mail
rPois   .          Reflect  .   (helmet restricted)
rElec   .          Harm     .   (no cloak)
rCorr   .          Rampage  .   (no gloves)
Will    +....      NoTele   +   (no boots)
Stlth   ..........              (no amulet)
HPRegen 0.35/turn               (no ring)
MPRegen 0.11/turn               (no ring)

@: berserking, very quick
A: horns 2, retaliatory headbutt, deformed body
a: Renounce Religion, Berserk, Trog's Hand, Brothers in Arms


You were in the Dungeon.
You worshipped Trog.
Trog was extremely pleased with you.
You visited 1 branch You collected 1187 gold pieces.
You spent 405 gold pieces at shops.

Inventory:

Hand Weapons
 a - a +0 hand axe
 e - the +7 triple sword "Earthworm" (weapon) {vorpal, Fragile rC+ Will+ Dex+7}
   (You bought it in a shop in the Dungeon)

   It inflicts extra damage upon your enemies.
   Dex:       It affects your dexterity (+7).
   rC:        It protects you from cold.
   Fragile:   It will be destroyed if unequipped.
   Will:      It increases your willpower.
Armour
 b - a +0 animal skin
 s - a +0 chain mail (worn)
Jewellery
 t - an amulet of magic regeneration
Scrolls
 c - 5 scrolls of amnesia
 h - 3 scrolls of blinking
 k - a scroll of enchant weapon
Potions
 d - 3 potions of heal wounds
 f - 5 potions of magic
 g - a potion of berserk rage
 i - a potion of might {unknown}
 l - a potion of brilliance {unknown}
 n - a potion of ambrosia {unknown}
 o - 3 potions of resistance
 p - a potion of degeneration
 q - a potion of haste
 r - a potion of cancellation {unknown}
 w - 3 potions of flight


   Skills:
 + Level 16.1 Fighting
 + Level 7.3 Long Blades
 + Level 16.7 Axes
 + Level 7.2 Armour
 + Level 8.8 Dodging
 + Level 1.0 Stealth


You had 8 spell levels left.
You didn't know any spells.
Your spell library was empty.

Dungeon Overview and Level Annotations

Branches:
Dungeon (1/1)

Altars:
Cheibriados
Dithmenos
Elyvilon
Fedhas
Gozag
Hepliaklqana
Kikubaaqudgha
Makhleb
Nemelex Xobeh
Okawaru
Qazlal
Ru
Sif Muna
Trog
Uskayaw
Vehumet
Wu Jian
Xom
Yredelemnul
Zin
Beogh
Jiyva
Lugonu

Shops:
D ([:**:==(?!!*([

Annotations:
D exclusion: oklob plant, Roxanne


Innate Abilities, Weirdness & Mutations

You have a pair of horns on your head.
You reflexively headbutt those who attack you in melee.
Armour fits poorly on your strangely shaped body.


Message History

The deep troll claws you.
You slash the deep troll!
The deep troll is moderately wounded.
The deep troll bites you!! The deep troll barely misses you.
The deep troll claws you!
You barely miss the deep troll.
The deep troll is moderately wounded.
The deep troll bites you!! The deep troll claws you.
The deep troll closely misses you.
Your unstable footing causes you to fumble your attack.
The deep troll bites you but does no damage.
The deep troll closely misses you. The deep troll claws you!
Your unstable footing causes you to fumble your attack.
The deep troll closely misses you. You furiously retaliate!
You headbutt the deep troll! The deep troll claws you! x2
You barely miss the deep troll. Your headbutt misses the deep troll.
The deep troll is heavily wounded.
The deep troll bites you!
* * * LOW HITPOINT WARNING * * *
The deep troll claws you!
* * * LOW HITPOINT WARNING * * *
The deep troll claws you but does no damage.
You slice the deep troll!! You headbutt the deep troll.
You feel the power of Trog in you as your rage grows.
You kill the deep troll!
Trog accepts your kill.
Your Fighting skill increases to level 16!
Your Long Blades skill increases to level 7!
Your Armour skill increases to level 7!
Your Stealth skill increases to level 1!
Found 81 gold pieces.
The deep troll bites you but does no damage.
The deep troll barely misses you. The deep troll completely misses you.
There is an open door, spattered with blood here.
You see here a deep troll corpse.
You feel a strong urge to attack something.
The deep troll bites you!!
* * * LOW HITPOINT WARNING * * *
The deep troll claws you!
You die...

##)#▓..).(...▓▓
.)##▓▓▓▓▓▓▓'▓▓▓▓+▓
≈≈≈≈≈≈≈≈≈≈≈...≈≈≈▓
+########'###.≈≈≈▓
.._.....#≈≈§##≈≈≈▓
._._....#≈≈≈≈####▓▓
_._._...#§§§§≈##$$#
._._._..#§§§§§≈#$.#
_._._._.#≈§§≈§§†@$+
._._._._#§§≈§§≈#T.#
_._._.#§≈§≈§≈▓$$#
._._._#≈§§§▓▓▓▓▓▓
#######≈≈≈§▓
≈≈≈≈≈≈§≈§§≈▓z
######≈▓▓▓▓▓ #▓


You could see a deep troll.

Vanquished Creatures
  A deep troll (D)
  A yaktaur (D)
  3 polar bears (D)
  A hornet (D)
  2 wyverns (D)
  4 neqoxecs (D)
  Menkaure (D)
  4 water moccasins (D)
  4 scorpions (D)
  A hell rat (D)
  3 worms (D)
25 creatures vanquished.

Vanquished Creatures (others)
  4 tentacles (D)
4 creatures vanquished.

Grand Total: 29 creatures vanquished

Notes
Turn   | Place    | Note
-------+----------+-------------------------------------------
     0 | D        | boopmooplesden the Minotaur Berserker began the quest for
                  | the Orb.
     0 | D        | Reached XP level 1. HP: 19/19 MP: 0/0
     1 | D        | Noticed a neqoxec
     6 | D        | Killed a neqoxec
     7 | D        | Reached XP level 2. HP: 25/35 MP: 1/1
     7 | D        | Reached XP level 3. HP: 28/40 MP: 2/2
     7 | D        | Reached XP level 4. HP: 34/48 MP: 3/3
     8 | D        | Noticed a neqoxec
     8 | D        | Gained mutation: You are clumsy. (Dex -2) [a neqoxec]
     8 | D        | Noticed a neqoxec
     8 | D        | Noticed a neqoxec
    14 | D        | Killed a neqoxec
    15 | D        | Reached skill level 10 in Fighting
    15 | D        | Reached skill level 10 in Axes
    15 | D        | Reached skill level 5 in Armour
    15 | D        | Reached XP level 5. HP: 29/58 MP: 4/4
    18 | D        | Lost mutation: You are clumsy. (Dex -2) [a neqoxec]
    19 | D        | Killed a neqoxec
    19 | D        | Reached ** piety under Trog
    20 | D        | Reached skill level 5 in Dodging
    20 | D        | Reached XP level 6. HP: 18/68 MP: 5/5
    28 | D        | Gained mutation: Armour fits poorly on your strangely
                  | shaped body. [a neqoxec]
    35 | D        | Killed a neqoxec
    36 | D        | Reached XP level 7. HP: 8/75 MP: 6/6
   348 | D        | Reached *** piety under Trog
   482 | D        | Identified Roxanne's Collected Works on Transformation
   482 | D        | Noticed Roxanne
   488 | D        | Reached **** piety under Trog
   498 | D        | Noticed a wyvern
   498 | D        | Noticed a wyvern
   504 | D        | Killed a wyvern
   506 | D        | Killed a wyvern
   507 | D        | Reached XP level 8. HP: 65/86 MP: 7/7
   593 | D        | Found Xiraifiuh's Antique Weapon Boutique.
   593 | D        | Found Vubopn's Distillery.
   593 | D        | Found Vuipnuce's Antique Weapon Boutique.
   593 | D        | Found Ladun's Magic Scroll Boutique.
   593 | D        | Found Ecvayg's Jewellery Shop.
   594 | D        | Found Uhoyluodan's Antique Armour Shop.
   594 | D        | Found Nill's Distillery.
   594 | D        | Found Imec's Jewellery Shop.
   595 | D        | Found Tenti's Assorted Antiques.
   595 | D        | Found Maebex's Book Shop.
   595 | D        | Found Silacw's Assorted Antiques.
   595 | D        | Noticed Menkaure
   595 | D        | Noticed a manticore
   614 | D        | Killed Menkaure
   615 | D        | Found Dysak's General Store.
   615 | D        | Noticed a manticore
   615 | D        | Noticed a manticore
   615 | D        | Noticed an oklob plant
   641 | D        | Found Vaesye Hiko's Antique Armour Shop.
   641 | D        | Found Ziow Pil's Antique Weapon Boutique.
   641 | D        | Found Fotolar's Book Shoppe.
   647 | D        | Bought a polished triple sword for 405 gold pieces
   647 | D        | Identified the +7 triple sword "Earthworm" {vorpal, Fragile
                  | rC+ Will+ Dex+7} (You bought it in a shop in the Dungeon)
   682 | D        | Found a stormy altar of Qazlal.
   683 | D        | Found a hazy altar of Hepliaklqana.
   683 | D        | Found a sacrificial altar of Ru.
   683 | D        | Found an ornate altar of the Wu Jian Council.
   684 | D        | Reached ***** piety under Trog
   685 | D        | Found a viscous altar of Jiyva.
   685 | D        | Found a shimmering blue altar of Sif Muna.
   709 | D        | Found a snail-covered altar of Cheibriados.
   709 | D        | Found an ancient bone altar of Kikubaaqudgha.
   709 | D        | Found a shimmering altar of Xom.
   709 | D        | Found a bloodstained altar of Trog.
   710 | D        | Found a shadowy altar of Dithmenos.
   710 | D        | Found a corrupted altar of Lugonu.
   711 | D        | Found a white marble altar of Elyvilon.
   711 | D        | Found a burning altar of Makhleb.
   712 | D        | Found a blossoming altar of Fedhas.
   714 | D        | Noticed a yaktaur
   714 | D        | Noticed a hornet
   714 | D        | Noticed a polar bear
   714 | D        | Noticed a polar bear
   714 | D        | Noticed a polar bear
   718 | D        | Killed a polar bear
   719 | D        | Reached skill level 1 in Long Blades
   720 | D        | Killed a polar bear
   721 | D        | Reached skill level 15 in Axes
   721 | D        | Killed a yaktaur
   722 | D        | Reached skill level 15 in Fighting
   723 | D        | Killed a hornet
   724 | D        | Reached XP level 9. HP: 87/97 MP: 8/8
   725 | D        | Killed a polar bear
   725 | D        | Received a gift from Trog
   726 | D        | Reached skill level 5 in Long Blades
   951 | D        | Found an opulent altar of Gozag.
   957 | D        | Noticed a kraken
  1552 | D        | Found a sparkling altar of Nemelex Xobeh.
  1552 | D        | Found a hide-covered altar of Uskayaw.
  1552 | D        | Found a basalt altar of Yredelemnul.
  1553 | D        | Found an iron altar of Okawaru.
  1553 | D        | Found a radiant altar of Vehumet.
  1553 | D        | Found a glowing silver altar of Zin.
  1562 | D        | Noticed a deep troll
  1562 | D        | Noticed a deep troll
  1569 | D        | Killed a deep troll
  1570 | D        | Reached skill level 1 in Stealth
  1571 | D        | HP: 7/150 [deep troll (19)]
  1571 | D        | Slain by a deep troll

Illustrated notes

Levels and vault maps discovered:
D:        the_violet_keep_of_menkaure [sprint2_stairs_cluster_1,
          sprint2_shoproom, sprint2_temple, sprint2_basic_supplies,
          sprint2_obstacle_6, sprint2_obstacle_5, sprint2_obstacle_1,
          sprint2_obstacle_2, sprint2_obstacle_7, sprint2_timed_cluster_1,
          sprint2_smallroom_cluster_1, sprint2_smallroom_final_cluster_1,
          sprint2_transparent_cluster_1, sprint2_second_timed_cluster_1,
          sprint2_sniper_area_1, sprint2_heavy_combat_area_1,
          sprint2_mutation_trap_area_1, sprint2_forest_area_1,
          sprint2_light_combat_area_1, sprint2_behind_water_1,
          sprint2_near_end_vault_1]

Skill      XL: |  1  2  3  4  5  6  7  8  9 |
---------------+----------------------------+-----
Fighting       | 8 10 11 13 15 16 | 16.1
Axes           | 8 10 11 13 15 16 | 16.7
Armour         | 4 5 6 7 |  7.2
Dodging        | 4 5 6 8 |  8.8
Long Blades    | 4 7 |  7.3
Stealth        | 1 |  1.0

Action                   |  1- 3 |  4- 6 |  7- 9 || total
-------------------------+-------+-------+-------++-------
Melee: Hand axe          |     3 |    26 |    45 ||    74
       Headbutt          |     1 |     4 |    14 ||    19
       Triple sword      |       |       |    25 ||    25
Invok: Berserk           |     1 |       |     2 ||     3
  Use: Potion            |       |     1 |     1 ||     2
       Scroll            |       |       |     8 ||     8
Armor: Chain mail        |       |       |     4 ||     4
       Animal skin       |       |       |     1 ||     1
Dodge: Dodged            |     1 |    11 |    59 ||    71
